 Dungeon Crawl Stone Soup version 0.29.0-4-gdea44cf6ec (webtiles) character file.

Game seed: 517886619310008030

98 qw the Chopper (level 4, -3/26 HPs)
             Began as a Tengu Warper on Aug 28, 2022.
             Slain by an orc
             ... wielding a +0 trident
              (7 damage)
             ... on level 3 of the Dungeon.
             The game lasted 00:00:15 (2430 turns).

qw the Chopper (Tengu Warper)                       Turns: 2430, Time: 00:00:16

Health: -3/26      AC:  7    Str: 14    XL:     4   Next: 69%
Magic:  8/8        EV:  9    Int: 13    God:
Gold:   157        SH:  0    Dex: 13    Spells: 7/7 levels left

rFire   . . .      SeeInvis .   Y - +0 hand axe
rCold   . . .      Faith    .   (no shield)
rNeg    . . .      Spirit   .   f - +0 scale mail
rPois   .          Reflect  .   (helmet restricted)
rElec   .          Harm     .   h - +0 cloak
rCorr   .          Rampage  .   (no gloves)
Will    .....                   (boots unavailable)
Stlth   ..........              (no amulet)
HPRegen 0.08/turn               (no ring)
MPRegen 0.11/turn               (no ring)

@: about to teleport
A: beak, talons 3
a: no special abilities


You were on level 3 of the Dungeon.
You visited 1 branch of the dungeon, and saw 3 of its levels.

You collected 157 gold pieces.


Innate Abilities, Weirdness & Mutations

You have a beak for a mouth.
You have claws for feet.


   Skills:
 - Level 2.0 Fighting
 + Level 5.2 Axes
 - Level 1.0 Throwing
 - Level 1.1 Armour
 - Level 2.1 Dodging
 - Level 2.0 Spellcasting
 - Level 2.4 Translocations


You had 7 spell levels left.
You didn't know any spells.
Your spell library contained the following spells:

 Spells                   Type           Power      Damage    Failure   Level
 Blink                    Tloc           14%        N/A       54%         2
 Gell's Gravitas          Tloc           7%         N/A       77%         3
 Lesser Beckoning         Tloc           7%         N/A       77%         3
 Teleport Other           Tloc           7%         N/A       77%         3
 Manifold Assault         Tloc           7%         N/A       100%        5

Inventory:

Hand Weapons
 d - a +0 whip
 Y - a +0 hand axe (weapon)
Armour
 c - a +0 chain mail
 f - a +0 scale mail (worn)
 h - a +0 cloak (worn)
Scrolls
 b - a scroll of identify
 e - a scroll of teleportation
 i - a scroll of fear {unknown}
 j - a scroll of torment {unknown}
Potions
 a - a potion of haste
 g - a potion of berserk rage {unknown}

Dungeon Overview and Level Annotations

Branches:
Dungeon (3/15)

Altars:

Shops:
D:1 (


Message History

An orc is wielding a +0 trident and wearing a +1 leather armour of cold resistance.
2423 ||| Stepping ~*~*~tactically~*~*~ (hiding).
A quokka and an orc priest come into view.
The orc priest shouts!
You hear a shout!
A kobold comes into view.
It is wielding a +0 dagger and quivering poisoned darts.
The orc priest casts a cantrip, but nothing happens.
The kobold shouts!
You hear a shout!
Found a golden potion.
An orc comes into view.
It is wielding a +0 trident. 2 orcs and an orc wizard come into view.
Found an escape hatch in the floor.
The orc shouts!
The orc wizard shouts!
A quokka comes into view.
A giant cockroach comes into view.
The orc priest calls down the wrath of Beogh upon you.
Pain shoots through your body!
Ouch! That really hurt!
You closely miss the orc. You claw the orc.
The orc is lightly wounded.
The orc misses you. The orc hits you but does no damage.
You hit the orc. You claw the orc. You peck the orc.
The orc is severely wounded.
The orc closely misses you. x2; The quokka bites you.
You hit the orc but do no damage.
The orc is severely wounded.
You closely miss the quokka. The orc hits you with a +0 war axe!
The orc barely misses you.
The quokka bites you but does no damage.
2429 ||| READING 2 scrolls of teleportation.
As you read the scroll of teleportation, it crumbles to dust.
You feel strangely unstable.
The orc hits you but does no damage. x2; The quokka completely misses you.
You barely miss the orc. You claw the orc.
You kill the orc!
You hit the quokka.
The quokka bites you but does no damage.
The orc barely misses you. The orc hits you but does no damage.
The orc barely misses you.
The quokka bites you but does no damage.
The orc hits you from afar with a +0 trident!
You die...

#.#. #..... ##.#. #
>..#. #?##### #....
#.#..#. #.....# ##...#
.......######.#####....#
#...................#..#
.....####.....%#####.#
...##..##........####..#
.....oo@............#.#.
.....Kr##........##...##
...##o..=.#......###..##
. ..ooo...........###.##
..r.####.....##.....#.
.....# ###.#.#####...#
.!... #............
..... #.......%....
...##............


You could see an orc priest, an orc wizard, 4 orcs, 2 quokkas and a kobold.

Vanquished Creatures
  A gnoll (D:1)
  2 adders
  3 worms (D:2)
  4 dart slugs
  An orc (D:3)
  3 bats
  3 endoplasms
  3 giant cockroaches
  4 goblins
  2 hobgoblins
  10 kobolds
  9 ball pythons
  5 frilled lizards (D:1)
  6 rats
56 creatures vanquished.

Vanquished Creatures (others)
  6 plants (D:1)
6 creatures vanquished.

Grand Total: 62 creatures vanquished

Notes
Turn   | Place    | Note
-------+----------+-------------------------------------------
     0 | D:1      | qw the Tengu Warper began the quest for the Orb.
     0 | D:1      | Reached XP level 1. HP: 12/12 MP: 4/4
     0 | D:1      | 0 ||| qw: Version: 0.1-a-89-g26bdef1
     0 | D:1      | 0 ||| qw: Game counter: 1853
     0 | D:1      | 0 ||| qw: Always use a shield: true
     0 | D:1      | 0 ||| qw: God list: Okawaru
     0 | D:1      | 0 ||| qw: Allow faded altars: false
     0 | D:1      | 0 ||| qw: Do Orc after D:15 true
     0 | D:1      | 0 ||| qw: Do second Lair branch before Depths: true
     0 | D:1      | 0 ||| qw: Lair rune preference: random
     0 | D:1      | 0 ||| qw: Plans: Normal
     0 | D:1      | 0 ||| PLANNING D:1-11
   128 | D:1      | 128 ||| Stepping ~*~*~tactically~*~*~ (stealth).
   132 | D:1      | 132 ||| Stepping ~*~*~tactically~*~*~ (stealth).
   138 | D:1      | Reached XP level 2. HP: 15/17 MP: 6/6
   141 | D:1      | 141 ||| Stepping ~*~*~tactically~*~*~ (stealth).
   145 | D:1      | 145 ||| Stepping ~*~*~tactically~*~*~ (stealth).
   147 | D:1      | 147 ||| Stepping ~*~*~tactically~*~*~ (stealth).
   149 | D:1      | 149 ||| Stepping ~*~*~tactically~*~*~ (stealth).
   165 | D:1      | 165 ||| Stepping ~*~*~tactically~*~*~ (stealth).
   182 | D:1      | Reached skill level 3 in Axes
   481 | D:1      | Found Biloez's Antique Weapon Shop.
   643 | D:1      | Reached XP level 3. HP: 21/21 MP: 7/7
   732 | D:1      | 732 ||| Stepping ~*~*~tactically~*~*~ (stealth).
   746 | D:1      | 746 ||| Stepping ~*~*~tactically~*~*~ (stealth).
   749 | D:1      | Reached skill level 4 in Axes
   775 | D:1      | 775 ||| Stepping ~*~*~tactically~*~*~ (stealth).
   810 | D:1      | 810 ||| Stepping ~*~*~tactically~*~*~ (stealth).
   811 | D:1      | 811 ||| Stepping ~*~*~tactically~*~*~ (stealth).
   813 | D:1      | 813 ||| Stepping ~*~*~tactically~*~*~ (stealth).
  1015 | D:1      | HP: 3/21 [gnoll/+0 club (8)]
  1475 | D:1      | 1475 ||| UPGRADING to +0 cloak.
  1480 | D:1      | 1480 ||| UPGRADING to +0 ring mail.
  1490 | D:1      | 1490 ||| DROPPING +0 leather armour.
  1491 | D:1      | 1491 ||| READING scroll labelled XINWIZ ESTEISS.
  1492 | D:1      | 1492 ||| READING scroll labelled ONAORR UFU HUKH.
  1496 | D:1      | 1496 ||| READING scroll labelled HEUTHO VICHICW.
  1497 | D:1      | 1497 ||| DROPPING scroll of blinking.
  1553 | D:2      | Reached XP level 4. HP: 26/26 MP: 8/8
  1570 | D:2      | 1570 ||| Stepping ~*~*~tactically~*~*~ (stealth).
  1572 | D:2      | 1572 ||| Stepping ~*~*~tactically~*~*~ (hiding).
  1705 | D:2      | 1705 ||| Stepping ~*~*~tactically~*~*~ (stealth).
  1708 | D:2      | 1708 ||| Stepping ~*~*~tactically~*~*~ (stealth).
  2168 | D:2      | Reached skill level 5 in Axes
  2242 | D:2      | 2242 ||| UPGRADING to +0 scale mail.
  2252 | D:2      | 2252 ||| DROPPING +0 ring mail.
  2253 | D:2      | 2253 ||| READING 2 scrolls labelled GIOCAW MINERRE.
  2254 | D:2      | 2254 ||| READING scroll labelled OMMECV YSTREH.
  2255 | D:2      | 2255 ||| READING scroll labelled JEOGEP XOSH.
  2256 | D:2      | 2256 ||| DRINKING 2 sedimented white potions.
  2423 | D:3      | 2423 ||| Stepping ~*~*~tactically~*~*~ (hiding).
  2428 | D:3      | HP: 4/26 [orc/+0 war axe (8)]
  2429 | D:3      | 2429 ||| READING 2 scrolls of teleportation.
  2430 | D:3      | Slain by an orc

Levels and vault maps discovered:
D:1:      lemuel_arrival_broad_hall, layout_loops_ring, serial_shops, shop,
          lexackson_kobold_supper
D:2:      layout_loops_ring
D:3:      kennysheep_goblin_castle, layout_rooms,
          hellmonk_ecumenical_altar_pennies_from_heaven, hex_intersection

Skill      XL: |  1  2  3  4 |
---------------+-------------+-----
Axes           | 3 4 5 |  5.2
Fighting       | |  2.0
Throwing       | |  1.0
Armour         | |  1.1
Dodging        | |  2.1
Spellcasting   | |  2.0
Translocations | |  2.4

Action                   |  1- 3 |  4- 6 || total
-------------------------+-------+-------++-------
Melee: Hand axe          |    80 |    45 ||   125
       Peck              |    10 |     6 ||    16
       Kick              |    14 |    10 ||    24
       Punch             |       |     1 ||     1
Throw: Boomerang         |     7 |       ||     7
  Use: Scroll            |     3 |     4 ||     7
       Potion            |       |     1 ||     1
Armor: Leather armour    |    18 |       ||    18
       Ring mail         |     1 |    13 ||    14
       Scale mail        |       |    11 ||    11
Dodge: Dodged            |    34 |    16 ||    50

Table legend:
 A = Non-vault XP
 B = Vault XP
 C = Vault XP percentage of total XP
 D = Non-vault monster count
 E = Vault monster count
 F = Vault count percentage of total count
                 A         B        C        D         E       F
            +---------+---------+-------+---------+---------+-------
      Total |     132 |      11 |   7.7 |      48 |       8 |  14.3
            +---------+---------+-------+---------+---------+-------
        D:1 |      63 |      11 |  14.9 |      27 |       8 |  22.9
        D:2 |      48 |       0 |   0.0 |      16 |       0 |   0.0
        D:3 |      21 |       0 |   0.0 |       5 |       0 |   0.0
            +---------+---------+-------+---------+---------+-------
